 Dungeon Crawl Stone Soup version 0.31.0-12-g77e489cdc1 (webtiles) character file.

Game seed: 8273401382800294344

4650 112233 the Blocker (level 10, -8/69 HPs)
             Began as an Octopode Fighter on Feb 14, 2024.
             Was an Initiate of Gozag.
             Mangled by a spriggan
             ... wielding a +0 trident
              (11 damage)
             ... in a bailey.
             The game lasted 00:09:37 (10976 turns).

112233 the Blocker (Octopode Fighter)              Turns: 10976, Time: 00:09:37

Health: -8/69      AC:  1    Str: 23    XL:     10   Next: 43%
Magic:  10/10      EV: 19    Int: 11    God:    Gozag
Gold:   243        SH: 16    Dex: 14    Spells: 9/9 levels left

rFire   . .          .
                       - Unarmed
rCold   . . .        f - +0 tower shield
rNeg    . . .        (helmet restricted)
rPois   +            (no amulet)
rElec   .            C - +6 ring of strength
rCorr   .            l - +5 ring of evasion
SInv    .            J - ring of poison resistance
Will    .....        (no ring)
Stlth   ++           (no ring)
HPRegen 0.31/turn    (no ring)
MPRegen 0.12/turn    (no ring)
                     (no ring)

%: no passive effects
@: no status effects
A: almost no armour, amphibious, 8 rings, camouflage 1, gelatinous body 1,
(nimble swimmer 1), tentacles
a: Renounce Religion, Potion Petition, Call Merchant, Bribe Branch


You were in a bailey.
You worshipped Gozag.
Gozag was aware of your devotion.
You visited 2 branches of the dungeon, and saw 10 of its levels.
You also visited: Ossuary and Bailey.

You collected 1363 gold pieces.
You spent 342 gold pieces at shops.
You paid 778 gold pieces to Gozag.

Inventory:

Missiles
 i - 15 poisoned darts (quivered)
 B - a curare-tipped dart
Armour
 a - a +0 buckler
 f - a +0 tower shield (worn)
 o - an orb of guile
Jewellery
 l - a +5 ring of evasion (right tentacle)
 C - a +6 ring of strength (left tentacle)
 J - a ring of poison resistance (on tentacle)
Talismans
 g - a maw talisman
Wands
 r - a wand of mindburst (13)
Scrolls
 c - 4 scrolls of teleportation
 d - a scroll of identify
 e - 3 scrolls of enchant armour
 h - 2 scrolls of brand weapon
 m - a scroll of poison
 p - a scroll of amnesia
 v - 2 scrolls of immolation
 y - a scroll of butterflies
 A - 4 scrolls of vulnerability
 E - 2 scrolls of revelation
 G - 2 scrolls of enchant weapon
 H - 2 scrolls of fog {unknown}
 K - a scroll of noise {unknown}
Potions
 b - 3 potions of might
 j - a potion of brilliance {unknown}
 k - 2 potions of attraction {unknown}
 n - 4 potions of enlightenment {unknown}
 q - 2 potions of mutation {unknown}
 s - 2 potions of heal wounds {unknown}
 t - 2 potions of magic {unknown}
 u - 6 potions of lignification {unknown}
 w - a potion of berserk rage {unknown}
 x - a potion of ambrosia {unknown}
 z - 2 potions of invisibility {unknown}
 D - a potion of cancellation {unknown}
 F - a potion of haste {unknown}


   Skills:
 + Level 6.7 Fighting
 + Level 6.7 Dodging
 * Level 9.3 Shields
 * Level 9.0 Unarmed Combat


You had 9 spell levels left.
You didn't know any spells.
Your spell library was empty.

Dungeon Overview and Level Annotations

Branches:
Dungeon (9/15)             Temple (1/1) D:7            Lair (0/5) D:9
Ossuary (visited)          Bailey (1/1)
    Orc: D:9-12

Altars:
Ashenzari
Cheibriados
Dithmenos
Elyvilon
Fedhas
Gozag
Kikubaaqudgha
Makhleb
Nemelex Xobeh
Okawaru
Qazlal
Ru
Sif Muna
Trog
Uskayaw
Vehumet
Wu Jian
Xom
Zin
The Shining One

Shops:
D:1 !   D:6 *

Annotations:
D:6 Jeremiah
D:7 exclusions: downstairs, oklob plant and upstairs
D:8 2 runed translucent doors, exclusion: orange crystal statue


Innate Abilities, Weirdness & Mutations

You cannot wear most types of armour.
You are amphibious.
You can wear up to eight rings at the same time.
Your skin changes colour to match your surroundings (Stealth+).
Your rubbery body absorbs attacks. (AC +1, EV +1)
((You are camouflaged when in or above water. (Stealth+)))
You have tentacles for arms and can constrict up to eight enemies at once.


Message History

l - a +5 ring of evasion (right tentacle)
J - a ring of poison resistance (on tentacle) Unknown command.
You enter the shallow water.
An ogre comes into view. It is wielding a +0 halberd.
The ogre shouts!
You hear two shouts!
The ogre moves out of view.
You hear a shout!
An ogre and a spriggan come into view.
An ogre comes into view. It is wielding a +0 halberd.
You block the spriggan's attack.
Unknown command.
The spriggan attacks as it pursues you! You block the spriggan's attack.
The spriggan attacks as it pursues you! You block the spriggan's attack.
There is a gate leading back out of this place here.
Aiming: Mindburst
Press: ? - help, Shift-Dir - straight line, f - ogre
Aim: an ogre, wielding a +0 halberd (chance to affect: 64%)
The ogre struggles to resist.
You hear a shout!
You block the spriggan's attack.
Unknown command.
Aiming: Mindburst
Press: ? - help, Shift-Dir - straight line, f/p - ogre
Aim: an ogre, wielding a +0 halberd (chance to affect: 64%)
The ogre's mind is blasted!
The spriggan hits you from afar with a +0 trident!
Unknown command.
Aiming: Mindburst
Press: ? - help, Shift-Dir - straight line, f/p - ogre
Aim: an ogre, wielding a +0 halberd (severely wounded, chance to affect: 64%)
The ogre struggles to resist.
The ogre hits you from afar with a +0 halberd!!
The spriggan hits you from afar with a +0 trident!
* * * LOW HITPOINT WARNING * * *
The ogre hits you from afar with a +0 halberd!
* * * LOW HITPOINT WARNING * * *
The spriggan hits you from afar with a +0 trident!
You die...
Your body crumbles into a pile of gold.

##.## ..#
##...## #..#
#.....#
#..###.....##
#..~~~..∩...#
#..~~~......#
♣..~~~......#
#..~~~O.....#
#.O~~~i.@...#
#..###.....##
#..# #.....#
#..# ##...##
#O.# ##.##
...# ### ..#
##


You could see 2 ogres and a spriggan.

Vanquished Creatures
  Joseph (D:7)
  Grinder (D:6)
  Sigmund (D:4)
  A wraith (D:9)
  Grum (D:9)
  A steam dragon (D:9)
  An acid dragon (D:9)
  4 water moccasins
  A black bear (D:5)
  An orc warrior (D:8)
  2 sky beasts
  An ice beast (D:7)
  2 ogres (D:5)
  2 wolves (D:9)
  2 centaurs
  A kobold brigand (D:8)
  A gnoll sergeant (D:4)
  2 bullfrogs
  2 scorpions
  5 wights (D:6)
  A burial acolyte (D:7)
  A troll zombie (Ossuary)
  3 howler monkeys (D:9)
  3 centaur zombies (Ossuary)
  A quasit (D:6)
  3 jellies (D:7)
  4 sleepcaps
  A bombardier beetle (D:7)
  A human zombie (Ossuary)
  An orc priest (D:6)
  3 hounds
  Jessica (D:2)
  5 iguanas
  Natasha (D:4)
  An orc wizard (D:8)
  An ogre zombie (Ossuary)
  A hound zombie (D:7)
  7 mummies (Ossuary)
  13 gnolls
  10 adders
  4 shadow imps
  2 white imps
  5 ufetubi
  3 adder zombies
  3 ribbon worms (D:2)
  3 dart slugs
  19 orcs
  24 endoplasms
  7 giant cockroaches
  10 goblins
  5 hobgoblins
  10 jackals
  4 quokkas
  8 ball pythons
  6 bats
  6 frilled lizards
  3 gnoll zombies
  6 goblin zombies (Ossuary)
  4 hobgoblin zombies (Ossuary)
  10 kobolds
  8 kobold zombies
  4 quokka zombies (Ossuary)
  7 rats
  2 rat zombies (Ossuary)
258 creatures vanquished.

Notes
Turn   | Place    | Note
-------+----------+-------------------------------------------
     0 | D:1      | 112233 the Octopode Fighter began the quest for the Orb.
     0 | D:1      | Reached XP level 1. HP: 16/16 MP: 1/1
   178 | D:1      | Reached XP level 2. HP: 21/21 MP: 2/2
   458 | D:1      | Reached XP level 3. HP: 11/26 MP: 3/3
   677 | D:1      | Found Rowko's Distillery.
   690 | D:1      | Bought a potion of curing for 42 gold pieces
  1018 | D:2      | Reached XP level 4. HP: 31/31 MP: 4/4
  1044 | D:2      | Found a faded altar of an unknown god.
  1198 | D:2      | Noticed Jessica
  1206 | D:2      | Killed Jessica
  1262 | D:2      | Reached XP level 5. HP: 27/36 MP: 5/5
  1808 | D:2      | Found a sparkling altar of Nemelex Xobeh.
  2502 | D:3      | Reached XP level 6. HP: 35/43 MP: 6/6
  2805 | D:4      | Found a shimmering altar of Xom.
  2806 | D:4      | Found a burning altar of Makhleb.
  2807 | D:4      | Found a stormy altar of Qazlal.
  2808 | D:4      | Found a glowing silver altar of Zin.
  3085 | D:4      | Noticed Sigmund
  3099 | D:4      | Killed Sigmund
  3100 | D:4      | Reached skill level 5 in Shields
  3100 | D:4      | Reached XP level 7. HP: 47/48 MP: 7/7
  4377 | D:4      | Noticed Natasha
  4383 | D:4      | Killed Natasha
  4384 | D:4      | Reached skill level 5 in Unarmed Combat
  4428 | D:5      | Entered Level 5 of the Dungeon
  4537 | D:5      | Found a hide-covered altar of Uskayaw.
  4676 | D:5      | Reached XP level 8. HP: 51/54 MP: 8/8
  5940 | D:6      | Reached skill level 5 in Fighting
  5940 | D:6      | Reached skill level 5 in Dodging
  6291 | D:6      | Noticed Grinder
  6292 | D:6      | Noticed Jeremiah
  6429 | D:7      | Found a staircase to the Ecumenical Temple.
  6455 | Temple   | Entered the Ecumenical Temple
  6475 | Temple   | Became a worshipper of Gozag Ym Sagoz the Greedy
  6708 | D:7      | Found a sand-covered staircase.
  6713 | Ossuary  | Entered an ossuary
  6722 | Ossuary  | Reached XP level 9. HP: 61/61 MP: 9/9
  7427 | D:7      | Noticed Joseph
  7437 | D:7      | Killed Joseph
  7765 | D:7      | Found an ancient bone altar of Kikubaaqudgha.
  8081 | D:7      | Found a glowing golden altar of the Shining One.
  8093 | D:7      | Noticed an oklob plant
  8359 | D:7      | Found a blossoming altar of Fedhas.
  8819 | D:6      | Found Momob's Serpentskin Sales.
  8857 | D:6      | Bought a ring of poison resistance for 300 gold pieces
  8924 | D:6      | Killed Grinder
  9101 | D:6      | Found a broken altar of Ashenzari.
  9388 | D:8      | Found an ornate altar of the Wu Jian Council.
  9631 | D:8      | Reached XP level 10. HP: 55/67 MP: 10/10
  9727 | D:8      | Found the +10 tower shield of Ignorance {rN+ Int-4}
  9733 | D:8      | Found a runed translucent door.
 10115 | D:8      | Noticed an orange crystal statue
 10141 | D:8      | Found a runed translucent door.
 10428 | D:9      | Noticed Grum
 10439 | D:9      | Killed Grum
 10623 | D:9      | Found a staircase to the Lair.
 10781 | D:9      | Found a flagged portal.
 10789 | Bailey   | Entered a bailey
 10976 | Bailey   | HP: 3/69 [ogre/+0 halberd (12)]
 10976 | Bailey   | Mangled by a spriggan

Illustrated notes

Levels and vault maps discovered:
D:1:      wander_arrival_lonely_grave, layout_loops_ring, serial_shops,
          nicolae_shop_tiny_statue_garden, st_stairs_3, minmay_pentomino_o4
D:2:      layout_basic, shapermc_ecumenical_altar_totnotflames, basic_altar,
          uniq_jessica
D:3:      layout_loops_cross
D:4:      layout_loops_ring, mainiacjoe_overflow_alcove_3,
          chequers_serial_rivers_small_a, lightli_minifort, uniq_sigmund,
          uniq_natasha
D:5:      layout_layer_cave, nicolae_uskayaw_dance_hall
D:6:      layout_layer_cave, mainiacjoe_overflow_24_doors, serial_demonic,
          serial_demonic_f, serial_demonic_a, serial_demonic_d,
          serial_demonic_a, guppyfry_shop_venom, uniq_menkaure, uniq_jeremiah,
          uniq_duvessa, uniq_grinder
D:7:      lemuel_slime, layout_loops_ring, fedhas_altar_fruit_tree,
          regret_index_kikubaaqudgha_part_by_part, lemuel_crystal_altar,
          minmay_temple_entry_statues_fountains, enter_ossuary_5, uniq_joseph
D:8:      layout_layer_cave, nzn_wu_jian_council_hall, hex_large,
          chequers_guarded_unrand_ignorance, uniq_maggie
D:9:      layout_stronghold, yredelemnul_altar_generic, lair_entry_dummy,
          enter_bailey_3, uniq_grum
Temple:   dpeg_chambers_temple
Bailey:   bailey_polearm_enchanted_keep_hellmonk, bailey

Skill      XL: |  1  2  3  4  5  6  7  8  9 10 |
---------------+-------------------------------+-----
Unarmed Combat | 3 4 5 6 8 9 |  9.0
Shields        | 4 5 7 8 9 |  9.3
Fighting       | 4 5 6 |  6.7
Dodging        | 4 5 6 |  6.7

Action                     |  1- 3 |  4- 6 |  7- 9 | 10-12 || total
---------------------------+-------+-------+-------+-------++-------
  Melee: Unarmed           |    85 |   135 |   388 |    73 ||   681
         Tentacles         |    16 |    37 |   105 |    21 ||   179
         Constrict         |    23 |    42 |    88 |    15 ||   168
         Punch             |     1 |     3 |    28 |     9 ||    41
 Invoke: Potion Petition   |       |       |     1 |       ||     1
  Evoke: Wand              |       |       |     2 |     7 ||     9
    Use: Scroll            |       |       |    12 |       ||    12
         Potion            |       |       |     4 |     3 ||     7
   Stab: Sleeping          |     6 |    11 |    13 |     1 ||    31
         Distracted        |       |       |     1 |       ||     1
 Armour: Skin              |    39 |    45 |   121 |    44 ||   249
  Dodge: Dodged            |    61 |    68 |   124 |    30 ||   283
  Block: Buckler           |    28 |    20 |    23 |       ||    71
         Tower shield      |       |       |   176 |    96 ||   272
